 Dungeon Crawl Stone Soup version 0.27.1-33-g824d729ab1 (webtiles) character file.

Game seed: 4630433733857686542

427 Cykl0x the Slasher (level 6, -5/36 HPs)
             Began as a Gargoyle Gladiator on Dec 23, 2021.
             Killed from afar by Dowan (20 damage)
             ... with a shard of ice
             ... on level 4 of the Dungeon.
             The game lasted 00:05:30 (3664 turns).

Cykl0x the Slasher (Gargoyle Gladiator)             Turns: 3664, Time: 00:05:30

Health: -5/36      AC: 13    Str: 19    XL:     6   Next: 97%
Magic:  9/9        EV: 11    Int:  9    God:
Gold:   90         SH:  0    Dex: 11    Spells: 9/9 levels left

rFire    . . .     SeeInvis .   a - +0 long sword
rCold    . . .     Faith    .   (no shield)
rNeg     + . .     Spirit   .   k - +0 ring mail
rPois    ∞         Reflect  .   c - +0 helmet
rElec    +         Harm     .   (no cloak)
rCorr    .         Rampage  .   (no gloves)
Will     .....                  g - +1 pair of boots
Stlth    +.........             (no amulet)
HPRegen  0.12/turn              i - ring of flight
MPRegen  0.11/turn              (no ring)

@: flying
A: sickness immunity, AC +4, negative energy resistance 1, electricity
resistance, torment resistance 1, petrification resistance
a: no special abilities


You were on level 4 of the Dungeon.
You visited 1 branch of the dungeon, and saw 4 of its levels.

You collected 90 gold pieces.

Inventory:

Hand Weapons
 a - a +0 long sword (weapon)
Missiles
 e - 85 stones
 p - 5 boomerangs (quivered)
Armour
 b - a +0 leather armour
 c - a +0 helmet (worn)
 g - a +1 pair of boots (worn)
 k - a +0 ring mail (worn)
Jewellery
 i - a ring of flight (left hand)
Scrolls
 l - a scroll of amnesia
Potions
 d - a potion of magic
 h - a potion of heal wounds
 j - a potion of lignification {unknown}
 m - a potion of might {unknown}


   Skills:
 + Level 2.7 Fighting
 + Level 4.4 Long Blades
 + Level 2.6 Throwing
 * Level 2.8 Armour
 + Level 2.8 Dodging
 * Level 2.0 Spellcasting
 * Level 2.4 Invocations


You had 9 spell levels left.
You didn't know any spells.
Your spell library contained the following spells:

 Spells                   Type           Power      Damage    Failure   Level
 Ozocubu's Armour         Ice            0%         N/A       86%         3
 Ozocubu's Refrigeration  Ice            0%         4d5       100%        7


Dungeon Overview and Level Annotations

Branches:
Dungeon (4/15)
 Temple: D:4-7

Altars:
Cheibriados

Annotations:
D:4 Dowan


Innate Abilities, Weirdness & Mutations

You are immune to sickness and miasma.
Your stone body is resilient. (AC +4)
You are immune to poison.
You resist negative energy. (rN+)
You are resistant to electric shocks. (rElec)
You are resistant to unholy torment.
You are immune to petrification.


Message History

Dowan is heavily wounded.
Dowan hits you but does no damage.
You miss Dowan.
Dowan is heavily wounded.
Dowan hits you but does no damage. x2
You barely miss Dowan.
Dowan is heavily wounded.
Dowan gestures wildly while chanting.
Dowan blinks!
You closely miss Dowan.
Dowan is heavily wounded.
Dowan hits you but does no damage.
You closely miss Dowan.
Dowan is heavily wounded.
Dowan closely misses you. Dowan gestures at you while chanting.
The shard of ice hits you!
* * * LOW HITPOINT WARNING * * *
You hit Dowan.
Dowan is severely wounded.
Dowan points at you and mumbles some strange words.
The stone arrow misses you. Dowan gestures at you while chanting.
The stone arrow misses you.
You hit Dowan.
Dowan is almost dead.
Dowan closely misses you.
You riposte.
You hit Dowan.
Dowan is almost dead.
Dowan hits you with a +0 dagger.
* * * LOW HITPOINT WARNING * * *
You feel much better. Dowan closely misses you.
You closely miss Dowan.
Dowan is almost dead.
Dowan gestures at you while chanting. The stone arrow hits you!
Dowan says, "Her death will not be in vain!"
Dowan points at you and mumbles some strange words.
The shard of ice hits you!!
Ouch! That really hurt!
You die...

##########
########.<.......
#.........####...
#............ #
#.........## ##_
#.........###
..#≈≈≈##............
(.≈≈≈≈(†@e.......###
..≈≈.≈(#.........#
.#≈≈≈≈(#.........#
#.≈≈≈(#.........#
...(.((######.#.##
####.#. .#.. #...
.#### ###.


You could see Dowan (fast).

Vanquished Creatures
  Duvessa (D:4)
  A phantom (D:4)
  A scorpion (D:4)
  An orc priest (D:3)
  Terence (D:2)
  An orc wizard (D:3)
  3 adders (D:2)
  A worm (D:2)
  3 dart slugs
  2 orcs (D:3)
  4 ball pythons
  8 bats
  7 endoplasms
  3 giant cockroaches
  4 goblins
  4 hobgoblins
  5 jackals (D:2)
  6 quokkas
  2 frilled lizards
  6 kobolds
  7 rats
71 creatures vanquished.

Notes
Turn   | Place    | Note
-------+----------+-------------------------------------------
     0 | D:1      | Cykl0x the Gargoyle Gladiator began the quest for the Orb.
     0 | D:1      | Reached XP level 1. HP: 12/12 MP: 1/1
   239 | D:1      | Reached XP level 2. HP: 13/17 MP: 2/2
   857 | D:2      | Reached skill level 3 in Long Blades
  1149 | D:2      | Reached XP level 3. HP: 21/21 MP: 3/3
  1180 | D:2      | Reached skill level 1 in Armour
  1780 | D:2      | Reached skill level 1 in Invocations
  1780 | D:2      | Reached XP level 4. HP: 27/27 MP: 5/5
  1801 | D:2      | Reached skill level 1 in Spellcasting
  2060 | D:2      | Noticed Terence
  2074 | D:2      | Killed Terence
  2564 | D:3      | Reached skill level 4 in Long Blades
  2564 | D:3      | Reached XP level 5. HP: 30/31 MP: 6/6
  3083 | D:3      | Found a faded altar of an unknown god.
  3491 | D:4      | Noticed a phantom
  3510 | D:4      | Killed a phantom
  3511 | D:4      | Reached XP level 6. HP: 23/36 MP: 8/8
  3620 | D:4      | Found a snail-covered altar of Cheibriados.
  3620 | D:4      | Noticed Dowan
  3622 | D:4      | Noticed Duvessa
  3637 | D:4      | Killed Duvessa
  3664 | D:4      | Killed from afar by Dowan

Illustrated notes

Levels and vault maps discovered:
D:1:      dpeg_arrival_windows_large_door, layout_loops_cross
D:2:      minmay_general_purpose_star, layout_loops_corners, minmay_surrounded,
          uniq_terence
D:3:      layout_basic, shapermc_ecumenical_altar_starsandcircs
D:4:      minmay_wonky_spiral, layout_loops_ring, mainiacjoe_overflow_alcove_2,
          kennysheep_slug_shrine, minmay_temple_entry_sparse_star, uniq_duvessa

Skill      XL: |  1  2  3  4  5  6 |
---------------+-------------------+-----
Long Blades    | 3 4 |  4.4
Armour         | 1 2 |  2.8
Invocations    | 1 2 |  2.4
Spellcasting   | 1 2 |  2.0
Throwing       | 2 |  2.6
Fighting       | |  2.7
Dodging        | |  2.8

Action                   |  1- 3 |  4- 6 || total
-------------------------+-------+-------++-------
Melee: Long sword        |    86 |   111 ||   197
Throw: Throwing net      |    13 |     1 ||    14
       Dart              |       |    49 ||    49
       Boomerang         |       |     8 ||     8
       Stone             |       |     2 ||     2
  Use: Scroll            |     5 |     3 ||     8
       Potion            |       |     1 ||     1
 Stab: Held in net/web   |     2 |     2 ||     4
Armor: Leather armour    |    17 |       ||    17
       Ring mail         |    35 |    66 ||   101
Dodge: Dodged            |    69 |    79 ||   148
       Rpst.: Long sword |    27 |    29 ||    56
